cohdb
Replays
Latest Replays
All Replays
Popular Replays
Top Player Replays
Match Explorer
How It Works
Community
CoH3 Stats
Reddit
Sign in to upload your games and track your stats! →
Sign in with Steam
Match 46836017
Unlisted
Match 46836017
Overview
Messages
Build Orders
End
Kradschützen Motorcycle Team
Panzergrenadier Squad
Panzerpioneer Squad
Panzerpioneer Squad
Construct Light Support Kompanie
Assault Grenadier Squad
Fire Support Elements
Flakvierling Half-track
Panzerjäger Mechanized Group
Selects Battlefield Espionage Battlegroup
Selects 250/3 Funkpanzerwagen
Selects Intel Disruption Beacon
Veteran Squad Leaders
2.5-tonne Medical Truck
Selects Advanced Ambush Training
Construct Panzerarmee Kommand
Vehicle Survival Package
Selects Plunder
Armored Reserves
Tony Horton Pro Skater
NotQuiteAKing
GochoARG
Cure Seraph
0
0
Comments
sign in to comment!
No comments posted yet!